 Dungeon Crawl Stone Soup version 0.30.1-3-gfc49f6343a (webtiles) character file.

Game seed: 9329101446791702112

296 spardeous the Conjurer (level 5, -2/38 HPs)
             Began as a Demigod Conjurer on Aug 9, 2023.
             Slain by an orc
             ... wielding a +0 mace
              (4 damage)
             ... on level 3 of the Dungeon.
             The game lasted 00:03:21 (3842 turns).

spardeous the Conjurer (Demigod Conjurer)           Turns: 3842, Time: 00:03:22

Health: -2/38      AC:  8    Str:  8    XL:     5   Next: 87%
Magic:  1/12       EV: 10    Int: 24    God:
Gold:   129        SH:  0    Dex: 12    Spells: 3/10 levels left

rFire   . . .        p - +3 dagger (speed)
rCold   . . .        (no shield)
rNeg    . . .        r - +0 ring mail
rPois   .            z - +2 hat
rElec   .            (no cloak)
rCorr   .            q - +0 pair of gloves
SInv    .            (no boots)
Will    .....        (no amulet)
Stlth   +            (no ring)
HPRegen 0.26/turn    (no ring)
MPRegen 0.13/turn

%: no passive effects
@: no status effects
A: high MP 1, forlorn, divine attributes
a: no special abilities


You were on level 3 of the Dungeon.
You visited 1 branch of the dungeon, and saw 4 of its levels.

You collected 129 gold pieces.

Inventory:

Hand Weapons
 p - a +3 dagger of speed (weapon)
Missiles
 A - 2 throwing nets
Armour
 a - a +0 robe
 q - a +0 pair of gloves (worn)
 r - a +0 ring mail (worn)
 u - a +0 helmet
 z - a +2 hat (worn)
Jewellery
 n - a ring of ice
Wands
 t - a wand of quicksilver (10)
Scrolls
 c - a scroll of blinking {unknown}
 e - 2 scrolls of immolation {unknown}
 f - a scroll of enchant weapon {unknown}
 g - 2 scrolls of amnesia {unknown}
 i - 4 scrolls of teleportation {unknown}
 j - a scroll of enchant armour {unknown}
 k - 2 scrolls of identify {unknown}
 m - 2 scrolls of noise {unknown}
 s - a scroll of poison {unknown}
 y - a scroll of magic mapping {unknown}
Potions
 b - a potion of magic
 d - 2 potions of invisibility {unknown}
 h - 5 potions of curing {unknown}
 l - 2 potions of brilliance {unknown}
 o - 3 potions of mutation {unknown}
 v - a potion of heal wounds {unknown}
 w - 4 potions of might {unknown}
 x - 3 potions of cancellation {unknown}


   Skills:
 - Level 1.7 Dodging
 - Level 1.7 Stealth
 - Level 3.1 Spellcasting
 + Level 6.1 Conjurations


You had 3 spell levels left.
You knew the following spells:

 Your Spells              Type           Power      Damage    Failure   Level
a - Magic Dart            Conj           100%       1d8       2%          1
b - Searing Ray           Conj           66%        2d6       4%          2
c - Iskenderun's Mystic   Conj/Tloc      18%        2d6       67%         4

Your spell library contained the following spells:

 Spells                   Type           Power      Damage    Failure   Level
 Dazzling Flash           Conj/Hex       36%        N/A       28%         3
 Slow                     Hex            12%        N/A       32%         1
 Cigotuvi's Dreadful Rot  Necr/Pois/Air  6%         N/A       45%         2
 Confusing Touch          Hex            3%         N/A       69%         3
 Vampiric Draining        Necr           3%         2d6       69%         3
 Fulminant Prism          Conj/Hex       9%         3d6       67%         4
 Dispel Undead            Necr           3%         3d7       97%         4
 Death Channel            Necr           1%         N/A       100%        6


Dungeon Overview and Level Annotations

Branches:
Dungeon (4/15)
 Temple: D:4-7

Shops:
D:1 *

Annotations:
D:2 1 runed translucent door, Crazy Yiuf
D:4 Menkaure


Innate Abilities, Weirdness & Mutations

You have an increased reservoir of magic. (+10% MP)
You shall have no god before yourself.
Your divine heritage dramatically boosts your attributes as you level up.


Message History

The orc completely misses you. The orc hits you but does no damage.
You take 1 damage, and have 10/38 hp.
You now have 5/12 mp.
Casting: Searing Ray (safe; 4% risk of failure)
Confirm with . or Enter, or press ? or * to list all spells.
Aiming: Searing Ray (safe; 4% risk of failure)
Press: ? - help, Shift-Dir - straight line, f/p - hound
Aim: a hound (severely wounded, 73% to hit)
The searing ray hits the hound.
You kill the hound! (Press . to maintain the ray.)
The orc hits you but does no damage. x2; The orc hits you with a +0 flail.
* * * LOW HITPOINT WARNING * * *
You now have 3/12 mp.
Unknown command.
The orc attacks as you move away! The orc closely misses you.
The orc hits you with a +0 mace.
* * * LOW HITPOINT WARNING * * *
Things that are here:
a +0 flail; an orc corpse You take 4 damage, and have 6/38 hp.
The orc attacks as you move away! The orc barely misses you.
Your magical contamination has completely faded away.
Casting: Searing Ray (safe; 4% risk of failure)
Confirm with . or Enter, or press ? or * to list all spells.
Aiming: Searing Ray (safe; 4% risk of failure)
Press: ? - help, Shift-Dir - straight line, f - orc
Aim: an orc, wielding a +0 whip and wearing a +0 scale mail (83% to hit)
The searing ray hits the orc.
The orc is moderately wounded.
The searing ray hits the orc.
The orc is heavily wounded. (Press . to maintain the ray.)
The orc closely misses you.
You now have 2/12 mp.
The searing ray hits the orc.
The orc is severely wounded.
The orc hits you with a +0 whip.
* * * LOW HITPOINT WARNING * * *
The orc hits you with a +0 mace.
You die...

########## ##...##...##
## ##...>o@....##### ##.
#.....oo........# ##..
#...............# #...
#.>.............# #...
##..............#####...
##...#....รท............
#####.#...............
#.#.(.....######..
#.#.......# ##..


You could see 3 orcs.

Vanquished Creatures
  A phantom (D:3)
  An orc priest (D:3)
  2 hounds (D:3)
  Robin (D:2)
  4 adders
  2 dart slugs (D:1)
  2 orcs (D:3)
  5 endoplasms
  2 giant cockroaches (D:1)
  19 goblins
  10 hobgoblins
  2 jackals (D:1)
  4 quokkas
  5 ball pythons
  3 bats
  3 frilled lizards
  8 kobolds
  7 rats
81 creatures vanquished.

Notes
Turn   | Place    | Note
-------+----------+-------------------------------------------
     0 | D:1      | spardeous the Demigod Conjurer began the quest for the Orb.
     0 | D:1      | Reached XP level 1. HP: 14/14 MP: 5/5
   261 | D:1      | Reached XP level 2. HP: 10/20 MP: 3/7
   512 | D:1      | Found Irchur's General Store.
   561 | D:1      | Reached skill level 4 in Conjurations
   934 | D:1      | Reached XP level 3. HP: 26/26 MP: 2/9
  1706 | D:2      | Learned a level 2 spell: Searing Ray
  2305 | D:2      | Reached XP level 4. HP: 33/33 MP: 8/11
  2340 | D:2      | Found a runed translucent door.
  2341 | D:2      | Noticed Crazy Yiuf
  2541 | D:2      | Noticed Robin
  2562 | D:2      | Killed Robin
  3000 | D:2      | Learned a level 4 spell: Iskenderun's Mystic Blast
  3196 | D:3      | Noticed a phantom
  3202 | D:3      | Killed a phantom
  3203 | D:3      | Reached skill level 5 in Conjurations
  3203 | D:3      | Reached XP level 5. HP: 38/38 MP: 4/12
  3691 | D:4      | Noticed Menkaure
  3734 | D:3      | Reached skill level 6 in Conjurations
  3842 | D:3      | Slain by an orc

Illustrated notes

Levels and vault maps discovered:
D:1:      erik_arrival_cave_to_civilisation [erik_arrival_cave_to_hall],
          layout_basic, serial_shops, nicolae_shop_pleasant_corner_grove,
          st_stairs_12, minmay_misc_feat_four_crosses, minmay_split_cup_large
D:2:      layout_loops_ring, grunt_ministairs_5, uniq_crazy_yiuf_cottage,
          uniq_robin
D:3:      layout_rooms, shapermc_ecumenical_altar_mp_highgroup
D:4:      cheibrodos_quashed, layout_cave_pools, mainiacjoe_overflow_catwalk,
          general_overflow_altar, serial_shops, nicolae_inconvenience_store,
          shop, shop, gammafunk_ghost_nasty_kobolds, minmay_fractal_squares_5,
          uniq_menkaure

Skill      XL: |  1  2  3  4  5 |
---------------+----------------+-----
Spellcasting   | 2 3 |  3.1
Conjurations   | 4 5 6 |  6.1
Dodging        | |  1.7
Stealth        | |  1.7

Action                     |  1- 3 |  4- 6 || total
---------------------------+-------+-------++-------
   Cast: Magic Dart        |   108 |    44 ||   152
         Searing Ray       |       |     7 ||     7
 Armour: Ring mail         |     8 |    17 ||    25
  Dodge: Dodged            |    14 |    22 ||    36
